 Dungeon Crawl Stone Soup version 0.19.1 (webtiles) character file.

79 XO4YCPATb the Cutter (level 4, -7/23 HPs)
             Began as a Vine Stalker Gladiator on Dec 16, 2016.
             Mangled by Natasha (8 damage)
             ... on level 2 of the Dungeon.
             The game lasted 00:01:54 (1565 turns).

XO4YCPATb the Cutter (Vine Stalker Gladiator)       Turns: 1565, Time: 00:01:55

Health: -7/23      AC:  4    Str: 17    XL:     4   Next: 37%
Magic:  0/5        EV: 12    Int:  8    God:
Gold:   90         SH:  0    Dex: 16    Spells: 0 memorised, 3 levels left

rFire  . . .     SeeInvis .     h - +0 dagger (curse)
rCold  . . .     Gourm    .     b - +0 leather armour
rNeg   . . .     Faith    .     (no shield)
rPois  .         Spirit   +     c - +0 helmet
rElec  .         Reflect  .     (no cloak)
rCorr  .         Harm     .     (no gloves)
MR     .....                    (no boots)
Stlth  ++........               (no amulet)
                                (no ring)
                                (no ring)

@: slowed, very slow
A: fangs 2, regeneration 1, magic shield, antimagic bite, no device heal 3, rot
immunity
a: no special abilities


You were on level 2 of the Dungeon.
You were not hungry.

You visited 1 branch of the dungeon, and saw 2 of its levels.

You collected 90 gold pieces.

Inventory:

Hand Weapons
 a - a +0 rapier
 h - a cursed +0 dagger (weapon)
Missiles
 d - 2 throwing nets (quivered)
Armour
 b - a +0 leather armour (worn)
 c - a +0 helmet (worn)
Jewellery
 e - an uncursed ring of flight {unknown}
Scrolls
 j - a scroll of blinking {unknown}
 k - a scroll of amnesia {unknown}
 m - 2 scrolls of random uselessness {unknown}
 n - a scroll of fog {unknown}
 q - a scroll of enchant weapon {unknown}
 r - a scroll of noise {unknown}
 s - a scroll of teleportation {unknown}
 t - a scroll of magic mapping {unknown}
Potions
 i - a potion of beneficial mutation {unknown}
 l - a potion of magic {unknown}
 p - a potion of heal wounds {unknown}
Comestibles
 f - 2 bread rations
 g - a chunk of flesh
 o - 2 slices of pizza
 u - a beef jerky
 v - 4 fruits


   Skills:
 - Level 1.7 Fighting
 * Level 4.0 Short Blades
 - Level 1.7 Throwing
 - Level 2.4 Dodging
 + Level 2.7 Stealth


You had 3 spell levels left.
You didn't know any spells.

Dungeon Overview and Level Annotations

Branches:
Dungeon (2/15)

Altars:

Annotations:
D:2 Natasha


Innate Abilities, Weirdness & Mutations

You have extremely sharp teeth.
Your natural rate of healing is unusually fast.
When hurt, damage is shared between your health and your magic reserves.
Your bite disrupts and absorbs the magic of your enemies.
Potions and wands cannot restore your health.
You are immune to rotting.


Message History

No target in view!
You hear some strange, mumbled words.
You feel yourself slow down. Something claws you.
You hear some strange, mumbled words.
You barely miss something. Your bite misses something. Something claws you.
The shadow imp shouts, "Scamper home, thou venomed kobold-kissing gnoll-tail!"
You hit something. Something claws you.
You hit something. You bite something. You drain its magic.
You feel invigorated. Something claws you. The shadow imp barely misses you.
You completely miss something. You bite something. Something claws you!
The shadow imp misses you.
You barely miss something. Your bite misses something. Something claws you.
* * * LOW HITPOINT WARNING * * *
The shadow imp hits you but does no damage.
Something claws you!
* * * LOW HITPOINT WARNING * * *
The shadow imp hits you but does no damage.
You miss something. Something claws you!
You die...

..######+#...............#.#.....
...................#.....#.......
....##.............#.............
....##.............'.........##..
...................#...........
#........####......#...........
####.....#.....#...#...........
####...........#...............
....##..........@......##......
....# ..........{5.....# .....
....# ....##+#..#####.# ###
....##...... ...# ...
............ ..... ..
.................. ..........
....... ........#####......
........#


You could see a shadow imp.

Vanquished Creatures
  Natasha (D:2)
  A gnoll (D:1)
  An ooze (D:1)
  A dart slug (D:1)
  3 giant cockroaches (D:1)
  6 hobgoblins (D:1)
  2 jackals (D:1)
  3 bats (D:1)
  4 frilled lizards
  7 goblins
  5 kobolds
  5 rats (D:1)
39 creatures vanquished.

Notes
Turn   | Place    | Note
-------+----------+-------------------------------------------
     0 | D:1      | XO4YCPATb the Vine Stalker Gladiator began the quest for the Orb.
     0 | D:1      | Reached XP level 1. HP: 11/11 MP: 2/2
   153 | D:1      | Reached skill level 3 in Short Blades
   179 | D:1      | Reached skill level 1 in Stealth
   182 | D:1      | Reached XP level 2. HP: 5/15 MP: 3/3
   584 | D:1      | Reached XP level 3. HP: 1/18 MP: 0/4
  1535 | D:2      | Noticed Natasha
  1546 | D:2      | Killed Natasha
  1546 | D:2      | Reached skill level 4 in Short Blades
  1546 | D:2      | Gained mutation: Your natural rate of healing is unusually fast. [Vine Stalker growth]
  1546 | D:2      | Reached XP level 4. HP: 22/23 MP: 5/5
  1556 | D:2      | Noticed Natasha
  1564 | D:2      | HP: 1/23 [something (5)]
  1565 | D:2      | Mangled by Natasha

Skill      XL: |  1  2  3 |
---------------+----------+-----
Short Blades   | 3 4 |  4.0
Stealth        | 1 2 |  2.7
Fighting       | |  1.7
Throwing       | |  1.7
Dodging        | |  2.4

Action                   |  1- 3 |  4- 6 || total
-------------------------+-------+-------++-------
Melee: Dagger            |   134 |     6 ||   140
       Rapier            |     9 |       ||     9
       Bite              |    42 |     2 ||    44
Throw: Throwing net      |     1 |       ||     1
 Stab: Sleeping          |     1 |       ||     1
  Eat: Chunk             |     2 |       ||     2
Armor: Leather armour    |    26 |     2 ||    28
Dodge: Dodged            |    70 |     2 ||    72
